AoeStats
← SirEscara19

Arabian Desert

510194072Analyzed
1v1 RM · 3d ago on Sep 29, 2026· 38m 52s· 2 players
Game mode
Random Map
Map size
Tiny (2 player)
Population
200
Speed
Normal
Resources
Standard
Victory
Conquest
Starting age
Dark Age
Ending age
Imperial Age
RankedLock teamsTeams togetherTeam positionsShared explorationLock speedFull tech treeHidden civsTurbo modeCheats
Victory
Defeat
🇦🇷 Burgundians · Argentina
850
+14
🇺🇾 Byzantines · Uruguay
800
-14
Invasor de pastas
9:34 Feudal Age
10:15 Horse Collar
10:22 Double-Bit Axe
19:40 Castle Age
18:56 Gold Mining
19:46 Forging
19:42 Scale Barding Armor
21:13 Cavalier
22:37 Iron Casting
24:03 Town Watch
24:04 Loom
24:55 Wheelbarrow
27:30 Chain Barding Armor
28:18 Fletching
29:03 Bodkin Arrow
35:48 Imperial Age
36:38 Paladin
SirEscara19
3:19 Loom
11:46 Feudal Age
13:17 Wheelbarrow
12:50 Double-Bit Axe
18:34 Horse Collar
26:36 Castle Age
33:37 Treadmill Crane
33:53 Murder Holes
Connection lost

Rejoining the realm…

Still unreachable

The connection could not be restored.

Session expired

The server has moved on; the page needs a fresh start.